 Dungeon Crawl Stone Soup version 0.15.2 (webtiles) character file.

141 namelastname112 the Insei (level 5, 0/45 HPs)
             Began as a Draconian Monk on Feb 15, 2016.
             Succumbed to a scorpion's poison
             ... on Level 3 of the Dungeon.
             The game lasted 00:02:43 (1878 turns).

namelastname112 the Insei (Draconian Monk)          Turns: 1878, Time: 00:02:44

HP   0/45        AC  5     Str 14      XL: 5   Next:  3%
MP   4/5         EV 13     Int 10      God:
Gold 156         SH  0     Dex 14      Spells:  0 memorised,  4 levels left

rFire  . . .     SeeInvis .       - Unarmed
rCold  . . .     Clarity  .     (armour unavailable)
rNeg   . . .     rCorr    .     (no shield)
rPois  .         rRot     .     (helmet restricted)
rElec  .         Spirit   +     (no cloak)
SustAb .         Warding  .     (no gloves)
rMut   .         Stasis   .     (no boots)
Gourm  .                        l - amulet of guardian spirit
MR     .....                    (no ring)
                                (no ring)

@: lethally poisoned, very slightly contaminated, hasted, very quick, not
resistant to hostile enchantments, unstealthy
A: unfitting armour, cold-blooded, AC +5
a: no special abilities


You were on level 3 of the Dungeon.
You were full.

You visited 1 branch of the dungeon, and saw 3 of its levels.

You collected 156 gold pieces.

Inventory:

Comestibles
 b - 2 bread rations
 f - 2 meat rations
 k - a slice of pizza
 m - 3 chunks of jackal flesh
 n - a chunk of jackal flesh
Scrolls
 a - 3 scrolls of identify {unknown}
 c - a scroll of fog {unknown}
 e - a scroll of teleportation {unknown}
 g - 2 scrolls of magic mapping {unknown}
 h - a scroll of enchant weapon {unknown}
 o - a scroll of fear {unknown}
Jewellery
 l - an amulet of guardian spirit (around neck)


   Skills:
 - Level 3.2 Fighting
 - Level 2.6 Dodging
 - Level 1.7 Stealth
 + Level 6.3 Unarmed Combat


You had 4 spell levels left.
You didn't know any spells.

Dungeon Overview and Level Annotations

Branches:
Dungeon (3/15)

Altars:
The Shining One


Innate Abilities, Weirdness & Mutations

Your plain brown scales are hard (AC +5).
Your body does not fit into most forms of armour.
Your cold-blooded metabolism reacts poorly to cold.


Message History

You feel sick.
* * * LOW HITPOINT WARNING * * *
You feel sick.
Drink which item? (? for menu, Esc to quit)
You feel as though your hastened speed will last longer.
Drink which item? (? for menu, Esc to quit)
You can't drink that!
Drink which item? (? for menu, Esc to quit)
That potion was really gluggy!
* * * LOW HITPOINT WARNING * * *
You feel sick.
You swing at nothing.
You swing at nothing.
You swing at nothing.
* * * LOW HITPOINT WARNING * * *
You feel sick.
You swing at nothing.
You swing at nothing.
You swing at nothing.
You die...

.........######....
..........#####...
###########.(........
#.......#.........$...
#.......#..%..........#
#.......#..)...........
#.......#.............?
#.$.....#).............
#.....@.#..............
#.....%.#.....(..[....#
#.......#.............#
#.......#.............#
#..........##+##'##'###
######.....# #....#
#.....# ###### #..%..#
#......


There were no monsters in sight!

Vanquished Creatures
  A scorpion (D:3)
  A giant mite (D:3)
  An adder (D:2)
  4 giant geckos
  2 oozes (D:1)
  5 orcs (D:3)
  7 bats
  2 giant cockroaches
  7 hobgoblins
  10 kobolds
  A giant newt (D:1)
  5 goblins
  8 jackals (D:3)
  7 rats
61 creatures vanquished.

Notes
Turn   | Place    | Note
--------------------------------------------------------------
     0 | D:1      | namelastname112, the Draconian Monk, began the quest for the Orb.
     0 | D:1      | Reached XP level 1. HP: 19/19 MP: 1/1
   120 | D:1      | Reached XP level 2. HP: 21/26 MP: 2/2
   442 | D:1      | Reached skill level 5 in Unarmed Combat
   442 | D:1      | Reached XP level 3. HP: 27/31 MP: 3/3
  1593 | D:3      | Reached XP level 4. HP: 29/38 MP: 4/4
  1713 | D:3      | Found a glowing golden altar of the Shining One.
  1836 | D:3      | Noticed a scorpion
  1859 | D:3      | Killed a scorpion
  1859 | D:3      | Reached skill level 6 in Unarmed Combat
  1859 | D:3      | Reached XP level 5. HP: 10/45 MP: 3/5
  1870 | D:3      | HP: 2/45 [poisoned by a scorpion]
  1875 | D:3      | HP: 1/45 [poisoned by a scorpion]
  1878 | D:3      | Succumbed to a scorpion's poison

Action                   |  1- 3 |  4- 6 || total
-------------------------+-------+-------++-------
Melee: Unarmed           |   122 |    69 ||   191
  Use: Potion            |       |     4 ||     4
 Stab: Sleeping          |     5 |       ||     5
       Distracted        |     1 |       ||     1
  Eat: Chunk             |     2 |     1 ||     3
